 Dungeon Crawl Stone Soup version 0.30-a0-629-gd54f4be4f7 (webtiles) character file.

Game seed: 9636394813659573947

4 drugrobin the Sneak (level 1, -5/18 HPs)
             Began as a Demigod Delver on Jan 13, 2023.
             Slain by a gnoll
             ... wielding a +0 flail
              (8 damage)
             ... on level 3 of the Dungeon.
             The game lasted 00:01:51 (272 turns).

drugrobin the Sneak (Demigod Delver)                 Turns: 272, Time: 00:01:51

Health: -5/18      AC:  6    Str: 15    XL:     1   Next: 40%
Magic:  3/3        EV:  9    Int: 12    God:
Gold:   48         SH:  0    Dex: 15    Spells: 0/0 levels left

rFire   . . .      SeeInvis .      - Unarmed
rCold   . . .      Faith    .    (no shield)
rNeg    . . .      Spirit   .    g - +0 scale mail
rPois   .          Reflect  .    (no helmet)
rElec   .          Harm     .    (no cloak)
rCorr   .          Rampage  .    (no gloves)
Will    .....                    (no boots)
Stlth   +                        a - amulet of Mopruza {Regen+ Str+2}
HPRegen 1.03/turn                (no ring)
MPRegen 0.08/turn                (no ring)

@: no status effects
A: high MP 1, forlorn, divine attributes
a: no special abilities


You were on level 3 of the Dungeon.
You visited 1 branch of the dungeon, and saw 3 of its levels.

You collected 48 gold pieces.

Inventory:

Armour
 g - a +0 scale mail (worn)
Jewellery
 a - the amulet of Mopruza (around neck) {Regen+ Str+2}
   (You found it on level 3 of the Dungeon)

   [amulet of regeneration]

   Str:       It affects your strength (+2).
   Regen:     It increases your rate of health regeneration.
Wands
 f - a wand of digging (3)
Scrolls
 b - a scroll of fog
 c - a scroll of magic mapping
 d - 2 scrolls of fear
Potions
 e - a potion of haste


   Skills:
 - Level 2.6 Fighting
 - Level 1.7 Dodging
 - Level 4.5 Stealth
 + Level 2.1 Unarmed Combat


You couldn't memorise any spells.
You didn't know any spells.
Your spell library was empty.

Dungeon Overview and Level Annotations

Branches:
Dungeon (5/15)
 Temple: D:4-7

Annotations:
D:3 Terence


Innate Abilities, Weirdness & Mutations

You have an increased reservoir of magic. (+10% MP)
You shall have no god before yourself.
Your divine heritage dramatically boosts your attributes as you level up.


Message History

Terence shouts!
Unknown command.
Press: ? - help, v - describe, . - travel
Here: Terence, wielding a +0 hand axe of distortion and wearing a +0 scale mail The floor.
Unknown command.
A bat comes into view.
Unknown command.
A gnoll comes into view. It is wielding a +0 flail.
The bat hits you.
Unknown command.
The gnoll shouts!
You hear a shout!
The bat barely misses you.
A gnoll comes into view. It is wielding a +0 club.
The bat hits you but does no damage.
Unknown command.
The rat bites you but does no damage.
A gnoll comes into view. It is wielding a +0 club.
Unknown command.
The bat attacks as you move away! The bat hits you but does no damage.
The gnoll shouts!
You hear a bark!
The bat hits you but does no damage. The rat bites you.
The gnoll hits you with a +0 whip! The gnoll hits you but does no damage.
A jackal comes into view.
Unknown command.
Unknown command.
Unknown command.
Unknown command.
The rat attacks as you move away! The rat closely misses you. The bat hits you.
The gnoll hits you but does no damage. The gnoll hits you with a +0 flail.
There is a stone staircase leading up here.
Unknown command.
Unknown command.
Unknown command.
The jackal barks!
The rat bites you but does no damage. The gnoll hits you with a +0 club.
The gnoll hits you with a +0 whip.
* * * LOW HITPOINT WARNING * * *
The gnoll hits you with a +0 flail!
You die...

###....[.......#.#
.#
#.........[....#.#
.
#..##..........#.#
. ##
#..........#.#
##.......@##.####
#..............#
#......b...#.....
#........gr#....#
#.......g@...#...
#........g.......
#........g.>...##
##.............#
##.............#
####..........#
##...h.....#
#.........#


You could see Terence, 4 gnolls, a jackal, a bat and a rat.

Vanquished Creatures
  2 hobgoblins (D:3)
  A goblin (D:4)
  A rat (D:3)
4 creatures vanquished.

Notes
Turn   | Place    | Note
-------+----------+-------------------------------------------
     0 | D:5      | drugrobin the Demigod Delver began the quest for the Orb.
     0 | D:5      | Reached XP level 1. HP: 18/18 MP: 3/3
     7 | D:5      | Noticed a crimson imp
     7 | D:5      | Noticed a crimson imp
     7 | D:5      | Noticed a crimson imp
     7 | D:5      | Noticed a crimson imp
   125 | D:3      | Identified the amulet of Mopruza {Regen+ Str+2}
   230 | D:3      | Noticed Terence
   272 | D:3      | Slain by a gnoll

Illustrated notes

Levels and vault maps discovered:
D:3:      layout_rooms, uniq_terence
D:4:      layout_gridville, lemuel_tele_altar, gammafunk_temple_overflow_statue,
          minmay_temple_entry_statues_pillars, grunt_tough_drop
D:5:      lemuel_insect_pit, layout_layer_cave, led_xom_imps

Skill      XL: |  1 |
---------------+----+-----
Unarmed Combat | 2 |  2.1
Fighting       | |  2.6
Dodging        | |  1.7
Stealth        | |  4.5

Action                   || total
-------------------------++-------
Melee: Unarmed           ||    16
Armor: Scale mail        ||    11
       Leather armour    ||     2
Dodge: Dodged            ||    15

Table legend: (Time is in decaauts)
 A = Elapsed time spent in this place.
 B = Non-inter-level travel time spent in this place.
 C = Inter-level travel time spent in this place.
 D = Time resting spent in this place.
 E = Time spent auto-exploring this place.
 F = Levels seen in this place.
 G = Mean time per level.
                   A        B        C        D        E       F      G
               +--------+--------+--------+--------+--------+-----+--------+
         Total |    271 |    271 |      0 |     38 |      0 |   3 |   90.3 |
       Dungeon |    271 |    271 |      0 |     38 |      0 |   3 |   90.3 |
               +--------+--------+--------+--------+--------+-----+--------+

Top non-repeatable levels by time:
     D:3: 203 daAuts
     D:4: 42 daAuts
     D:5: 24 daAuts
